Map: Ruby Rock LE

Players

Chuka

  • Race: Protoss Protoss
  • League: Platinum
  • Spawn Location: 5:00

WoodyGG - Winner!

  • Race: Zerg Zerg
  • League: Platinum
  • Spawn Location: 11:00

VOD

Have the link to the VOD?

Description

Time

  • Played on: Jan. 9, 2026, 10:30 p.m.
  • Length: 11:10
Show
View Real Time Build Order
Export as new Build Order

Chuka Protoss 

Build Orders: Oracle Opening, Phoenix Opening 

Get SALT Encoding   

  12  0:02  Probe  
  13  0:14  Probe  
  14  0:21  Pylon  
  14  0:26  Probe  
  15  0:39  Probe  
  15  0:41  Gateway  
  16  0:52  Assimilator  
  16  0:53  Probe  
  17  1:33  Cybernetics Core  
  17  1:47  Nexus  
  17  1:50  Probe  
  18  2:01  Pylon  
  18  2:04  Probe  
  19  2:24  Stargate  
  19  2:30  Shield Battery  
  19  2:36  Assimilator  
  19  2:46  Adept  
  21  2:51  Probe  
  22  3:04  Probe  
  23  3:11  Probe  
  23  3:12  Phoenix  
  26  3:16  Probe  
  27  3:23  Probe, Warp Gate  
  28  3:28  Probe  
  28  3:35  Probe  
  28  3:40  Probe  
  30  3:47  Pylon, Probe  
  31  3:50  Oracle  
  31  3:51  Pylon  
  31  3:52  Probe  
  35  3:59  Probe  
  36  4:04  Probe  
  37  4:11  Probe  
  37  4:15  Forge  
  37  4:16  Twilight Council  
  38  4:22  Probe  
  39  4:29  Probe  
  40  4:50  Probe  
  41  4:54  Oracle  
  44  5:03  Protoss Ground Weapons Level 1  
  44  5:04  Nexus  
  44  5:06  Probe x2  
  46  5:14  Pylon  
  46  5:18  Probe  
  46  5:19  Stalker  
  49  5:30  Probe x2  
  49  5:31  Robotics Facility  
  51  5:39  Probe  
  52  5:42  Shield Battery  
  52  5:45  Probe  
  52  5:47  Probe  
  53  5:56  Probe  
  54  5:57  Probe  
  56  6:08  Probe  
  57  6:12  Stalker  
  59  6:31  Robotics Bay  
  59  6:35  Gateway  
  59  6:37  Gateway  
  59  6:38  Observer  
  59  6:39  Gateway  
  60  6:42  Zealot, Gateway  
  60  6:43  Gateway  
  60  6:45  Gateway  
  60  6:53  Probe x2  
  61  6:54  Blink  
  61  7:05  Probe x2  
  61  7:06  Robotics Facility  
  63  7:09  Assimilator  
  63  7:13  Assimilator  
  63  7:17  Probe x2  
  63  7:19  Photon Cannon  
  65  7:22  Shield Battery  
  65  7:24  Photon Cannon  
  65  7:27  Pylon  
  65  7:34  Protoss Ground Weapons Level 2  
  62  7:56  Stalker x3  
  62  7:57  Stalker x3  
  74  8:05  Assimilator, Probe x3  
  77  8:17  Probe  
  77  8:18  Extended Thermal Lance  
  78  8:20  Colossus  
  84  8:34  Zealot x2  
  84  8:35  Zealot x2  
  92  8:44  Pylon  
  92  8:55  Pylon  
  92  9:01  Pylon  
  92  9:05  Stalker x4  
  92  9:06  Stalker x2  
  101  9:11  Pylon  
  101  9:14  Pylon  
  101  9:21  Pylon  
  101  9:25  Pylon  
  101  9:28  Sentry x2  
  101  9:29  Sentry  
  99  9:36  Pylon  
  81  9:55  Zealot  
  81  9:56  Zealot x4  
  81  9:57  Zealot x2  
  73  10:17  Zealot  
  73  10:18  Zealot x3  
  75  10:24  Zealot x2  
  73  10:37  Stalker x2  
  73  10:38  Zealot, Stalker  
  73  10:39  Zealot  
  95  10:49  Stalker x2  
Show
View Real Time Build Order
Export as new Build Order

WoodyGG Zerg - Winner!

Build Orders: Hatch First 

Get SALT Encoding   

  12  0:00  Drone  
  13  0:12  Overlord  
  13  0:17  Drone  
  14  0:31  Drone x2  
  16  0:37  Drone  
  17  0:50  Hatchery  
  17  0:54  Drone  
  17  0:59  Drone  
  18  1:08  Extractor  
  17  1:14  Spawning Pool  
  17  1:15  Drone  
  17  1:19  Drone  
  18  1:29  Drone  
  19  1:56  Overlord  
  19  2:02  Queen x2  
  19  2:03  Zergling x4  
  19  2:05  Drone  
  26  2:19  Drone  
  26  2:20  Drone  
  26  2:22  Drone  
  29  2:28  Drone  
  31  2:37  Drone x2  
  32  2:47  Hatchery  
  32  2:48  Drone x2  
  33  2:55  Lair  
  33  3:00  Drone x2  
  33  3:03  Metabolic Boost  
  35  3:08  Zergling x2  
  36  3:21  Spore Crawler  
  36  3:24  Spore Crawler  
  34  3:30  Queen  
  34  3:31  Spore Crawler  
  35  3:41  Overlord x2  
  35  4:00  Drone x2  
  35  4:01  Drone, Hydralisk Den  
  35  4:02  Drone x7  
  44  4:04  Drone  
  44  4:06  Extractor  
  44  4:07  Drone, Extractor  
  44  4:18  Drone x4  
  44  4:23  Overlord  
  48  4:43  Spore Crawler, Drone  
  48  4:44  Drone x8  
  56  4:51  Queen  
  58  4:54  Overlord  
  58  4:56  Overlord  
  58  5:01  Overlord  
  58  5:05  Drone, Lurker Den  
  58  5:12  Queen  
  60  5:17  Muscular Augments  
  60  5:20  Drone x3  
  60  5:21  Drone  
  64  5:23  Drone x3  
  64  5:24  Drone x2  
  64  5:26  Drone  
  70  5:40  Zergling x12  
  70  5:41  Zergling x2  
  77  5:45  Drone x2  
  77  5:46  Extractor  
  77  5:47  Drone, Baneling Nest  
  74  6:19  Queen  
  76  6:27  Infestation Pit  
  76  6:28  Drone x4  
  76  6:29  Evolution Chamber  
  76  6:31  Evolution Chamber  
  76  6:41  Hatchery  
  75  6:54  Overlord  
  69  7:05  Zerg Ground Armor Level 1, Zerg Missile Weapons Level 1  
  69  7:06  Hydralisk x6  
  81  7:21  Hive  
  81  7:25  Drone x2, Extractor  
  81  7:26  Drone  
  81  7:27  Drone x3, Hatchery, Extractor  
  81  7:28  Drone  
  81  7:29  Drone x2  
  87  7:34  Queen  
  87  7:36  Overlord x5  
  87  7:37  Overlord  
  89  7:52  Queen  
  89  7:56  Grooved Spines  
  91  7:59  Microbial Shroud  
  91  8:07  Drone x4  
  91  8:11  Hydralisk x7  
  91  8:12  Hydralisk x7  
  123  8:33  Extractor  
  122  8:35  Queen  
  122  8:38  Spore Crawler x2  
  122  8:50  Seismic Spines  
  122  8:51  Extractor  
  122  8:52  Zergling x32  
  137  9:16  Queen  
  137  9:22  Adrenal Glands  
  135  9:25  Burrow  
  125  9:47  Adaptive Talons  
  110  9:56  Hydralisk x15  
  110  9:58  Zergling x2  
  110  9:59  Zergling x26  
  138  10:31  Hydralisk x7  
  138  10:35  Lurker x3  
  150  10:37  Overlord x4  
  146  10:48  Zergling x18  
Tags
 
Add a new tag
Caveats
  • Supply blocks, unpowered buildings, or Contaminate may cause inaccurate times.
  • Supply counts are checked every 10 seconds.